AoeStats
← GladiusDecimus

Lombardia

508563876Analyzed
2v2 RM · 10d ago on Sep 23, 2026· 65m 3s· 4 players
Game mode
Random Map
Map size
Medium (4 player)
Population
200
Speed
Normal
Resources
Standard
Victory
Conquest
Starting age
Dark Age
Ending age
Imperial Age
RankedLock teamsTeams togetherTeam positionsShared explorationLock speedFull tech treeHidden civsTurbo modeCheats
Victory
Defeat
🇺🇸 Saxons · United States
806
+15
🇺🇸 Varangians · United States
768
+29
🇺🇸 Gurjaras · United States
811
-17
🇺🇸 Hindustanis · United States
745
-14
GladiusDecimus
10:50 Feudal Age
12:25 Loom
13:02 Horse Collar
13:09 Double-Bit Axe
13:47 Town Watch
16:40 Gold Mining
20:07 Castle Age
18:34 Stone Mining
20:20 Pikeman
21:43 Bow Saw
21:34 Heavy Plow
22:13 Gold Shaft Mining
23:04 Town Patrol
26:07 Forging
25:57 Scale Mail Armor
27:47 Wheelbarrow
29:19 Iron Casting
28:59 Chain Mail Armor
30:42 Hand Cart
34:59 Imperial Age
33:47 Arson
33:49 Gambesons
34:27 Treadmill Crane
34:58 Masonry
34:59 Fortified Wall
35:03 Squires
34:56 Gambesons
36:21 Plate Mail Armor
36:53 Elite Varangian Guard
38:50 Two-Man Saw
39:11 Conscription
39:40 Shield Wall
41:07 Architecture
40:46 Siege Engineers
40:46 Murder Holes
44:19 Elite Hearth Troop
50:08 Ballistics
52:10 Caravan
52:11 Pikeman
52:40 Halberdier
MagnusObesus
11:18 Feudal Age
12:24 Double-Bit Axe
12:22 Horse Collar
18:40 Castle Age
20:06 Wheelbarrow
19:29 Light Cavalry
20:20 Bloodlines
21:20 Gold Mining
21:22 Stone Mining
21:36 Heavy Plow
22:11 Husbandry
24:26 Scale Barding Armor
24:34 Forging
24:43 Pikeman
27:31 Hand Cart
28:22 Chain Barding Armor
28:03 Scale Mail Armor
28:41 Iron Casting
29:56 Arson
30:12 Squires
29:57 Gambesons
30:56 Chain Mail Armor
36:03 Imperial Age
36:34 Elite Skirmisher
40:19 Bow Saw
40:44 Crop Rotation
40:08 Elite Varangian Guard
42:33 Plate Mail Armor
43:04 Blast Furnace
42:42 Chain Barding Armor
44:47 Hussar
46:46 Elite Jarl
51:25 Padded Archer Armor
51:16 Fletching
52:27 Caravan
dnga_559wrestling
9:57 Feudal Age
15:34 Castle Age
30:42 Imperial Age
28:53 Double-Bit Axe
28:50 Horse Collar
29:59 Wheelbarrow
30:55 Scale Barding Armor
30:58 Squires
33:46 Chemistry
33:22 Grand Trunk Road
38:30 Chain Barding Armor
38:12 Husbandry
39:16 Bloodlines
39:45 Heavy Camel Rider
43:00 Light Cavalry
43:29 Elite Skirmisher
45:43 Plate Barding Armor
48:24 Fletching
50:00 Ballistics
50:26 Bodkin Arrow
53:06 Forging
55:24 Masonry
partyengineer
10:40 Feudal Age
11:16 Double-Bit Axe
18:16 Castle Age
16:54 Gold Mining
16:46 Horse Collar
17:24 Scale Barding Armor
17:31 Forging
18:14 Stone Mining
19:36 Bloodlines
21:12 Bow Saw
23:04 Wheelbarrow
22:14 Loom
22:15 Town Watch
25:01 Iron Casting
28:24 Chain Barding Armor
29:25 Heavy Plow
30:07 Gold Shaft Mining
30:50 Caravan
31:21 Husbandry
32:54 Hand Cart
35:10 Ballistics
34:47 Murder Holes
34:44 Fletching
34:55 Padded Archer Armor
40:47 Imperial Age
39:04 Kshatriyas
42:16 Stone Shaft Mining
42:17 Crop Rotation
41:46 Bodkin Arrow
42:27 Plate Barding Armor
45:13 Frontier Guards
45:30 Hoardings
44:20 Elite Chakram Thrower
45:49 Bracer
46:07 Leather Archer Armor
46:05 Masonry
46:08 Fortified Wall
49:36 Frontier Guards
49:52 Hoardings
48:48 Sappers
49:39 Conscription
49:23 Town Patrol
48:48 Heavy Camel Rider
Connection lost

Rejoining the realm…

Still unreachable

The connection could not be restored.

Session expired

The server has moved on; the page needs a fresh start.